 Dungeon Crawl Stone Soup version 0.18.1-5-g4a78601 (webtiles) character file.

415 M4edhros the Poker (level 7, -9/61 HPs)
             Began as a Kobold Chaos Knight on May 12, 2016.
             Mangled by a hornet (13 damage)
             ... summoned by Xom
             ... on level 3 of the Dungeon.
             The game lasted 00:16:06 (27921 turns).

M4edhros the Poker (Kobold Chaos Knight)           Turns: 27921, Time: 00:16:06

Health: -9/61      AC: 10    Str: 16 (17) XL:     7   Next: 15%
Magic:  16/16      EV: 14    Int: 10      God:    Xom [*.....]
Gold:   185        SH:  0    Dex: 20      Spells: 0 memorised, 6 levels left

rFire  . . .     SeeInvis .     a - +0 spear (chaos)
rCold  . . .     Gourm    .     w - +2 leather armour {MR+}
rNeg   . . .     Faith    .     (shield restricted)
rPois  .         Spirit   .     (helmet restricted)
rElec  +         Dismiss  .     (no cloak)
rCorr  .         Reflect  .     (no gloves)
SustAt .         Harm     .     (no boots)
MR     +....                    (no amulet)
Stlth  ..........               (no ring)
                                m - ring of magical power

@: berserking, about to teleport, drained, very quick, somewhat resistant to
hostile enchantments, extremely unstealthy
A: antennae 2, beak, iridescent scales 1, agile 2, carnivore 3, sense
surroundings 1, shaggy fur 1, electricity resistance
a: Renounce Religion


You were on level 3 of the Dungeon.
You worshipped Xom.
You were a special plaything of Xom.
You were not hungry.

You visited 1 branch of the dungeon, and saw 4 of its levels.

You collected 185 gold pieces.

Inventory:

Hand Weapons
 a - a +0 spear of chaos (weapon)
 x - a +0 blowgun
Missiles
 i - 176 stones (quivered)
 y - 15 poisoned needles
Armour
 l - a +1 helmet
 n - a cursed +0 shield
 w - a +2 leather armour of magic resistance (worn)
Jewellery
 b - an uncursed ring of ice
 m - a ring of magical power (left hand)
Wands
 j - a wand of teleportation (3/9)
 s - a wand of flame (19/48)
Scrolls
 d - 3 scrolls of remove curse
 e - 6 scrolls of identify {unknown}
 g - a scroll of noise {unknown}
 h - a scroll of recharging {unknown}
 k - a scroll of silence
 o - a scroll of blinking {unknown}
 p - a scroll of fog {unknown}
 t - a scroll of magic mapping {unknown}
Potions
 q - a potion of might
 r - a potion of magic
 v - a potion of agility {unknown}
Comestibles
 c - a meat ration


   Skills:
 - Level 3.2(2.2) Fighting
 + Level 6.2(5.1) Polearms
 - Level 0.7(0.0) Armour
 - Level 2.4(1.3) Dodging


You had 6 spell levels left.
You didn't know any spells.

Dungeon Overview and Level Annotations

Branches:
Dungeon (4/15)
 Temple: D:4-7

Altars:
Nemelex Xobeh
Ru
Xom
Zin

Annotations:
D:3 dadoka's ghost, amateur HOAK


Innate Abilities, Weirdness & Mutations

You are small and have problems with some larger weapons.
You are carnivorous and can eat meat at any time.
You have a pair of antennae on your head.
You have a beak for a mouth.
You are partially covered in iridescent scales (AC +4).
You are very agile. (Dex +4)
You passively map a small area around you.
You are covered in fur (AC +1).
You are resistant to electric shocks.


Message History

The flayed ghost closely misses you.
The hobgoblin hits you but does no damage.
The orc hits you with a dagger.
* * * LOW HITPOINT WARNING * * *
The jackal barely misses you. Dadoka's ghost closely misses you.
Drink which item? (? for menu, Esc to quit)
Okay, then.
Read which item? (? for menu, Esc to quit)
As you read the scroll of teleportation, it crumbles to dust.
You feel strangely unstable. The hornet barely misses you.
The jackal barely misses you. The flayed ghost hits you.
* * * LOW HITPOINT WARNING * * *
The orc hits you but does no damage. The hobgoblin closely misses you.
Dadoka's ghost barely misses you.
Drink which item? (? for menu, Esc to quit)
It was a potion of berserk rage.
A red film seems to cover your vision as you go berserk!
You feel yourself moving faster!
You feel mighty! The hornet stings you!
You die...
Xom chuckles heartily!

#8...._8###..####......##.##
##.....##......<.......#...##
#8...8#####.#####....#.....##
##..(._## #.# ##.#.........
#_....._# #.# #...........
##.....## #.# ###.........
#8.†.8# #.# #...__....
###_#######W#########).......
#######.hhg@Wh..............
##..)...##hoy.._...........#
###################..####..
#..# ##. #..#####[ #....%..[
#........ #........ #########


You could see a flayed ghost, a hornet, dadoka's ghost, an orc, 4 jackals and a
hobgoblin.

Vanquished Creatures
  A crimson imp (D:3)
  A jelly (D:2)
  An orc priest (D:3)
  A giant frog skeleton (D:1)
  An iguana (D:3)
  9 adders
  2 oozes
  4 worms
  9 dart slugs
  2 giant geckos (D:3)
  5 orcs
  7 giant cockroaches
  13 hobgoblins
  13 jackals
  13 kobolds
  A quokka (D:2)
  3 ball pythons
  15 bats
  5 giant newts
  11 goblins
  A kobold (shapeshifter) (D:3)
  10 rats
128 creatures vanquished.

Vanquished Creatures (collateral kills)
  A worker ant (D:1)
1 creature vanquished.

Vanquished Creatures (others)
  A goblin (D:3)
1 creature vanquished.

Grand Total: 130 creatures vanquished

Notes
Turn   | Place    | Note
--------------------------------------------------------------
     0 | D:1      | M4edhros the Kobold Chaos Knight began the quest for the Orb.
     0 | D:1      | Reached XP level 1. HP: 14/14 MP: 1/1
    83 | D:1      | XOM: silly message
   111 | D:1      | Reached XP level 2. HP: 19/19 MP: 2/2
   178 | D:1      | Reached skill level 3 in Polearms
   281 | D:2      | XOM: noise
   378 | D:1      | XOM: divination: magic mapping
   794 | D:1      | XOM: mild Air miscast
  1324 | D:1      | XOM: smoke on damage
  1337 | D:1      | XOM: harmless Conj miscast
  1397 | D:1      | XOM: harmless Conj miscast
  1690 | D:1      | XOM: summons friendly ufetubus
  1693 | D:1      | Reached XP level 3. HP: 23/23 MP: 3/3
  1852 | D:1      | XOM: harmless Trmt miscast
  2333 | D:1      | XOM is BORED!
  2554 | D:1      | XOM: mild Hex miscast
  3046 | D:1      | Reached XP level 4. HP: 28/28 MP: 4/4
  3059 | D:1      | XOM: god gift: 39 gold pieces
  3358 | D:1      | XOM: cast spell 'Statue Form'
  3368 | D:1      | XOM: god gift: 13 stones
  3436 | D:1      | XOM: harmless Necr miscast
  3565 | D:1      | XOM: enchant monster (good)
  4040 | D:1      | XOM: give mutation
  4040 | D:1      | Gained mutation: Scrolls take you a little longer to read. [Xom's mischief]
  4118 | D:1      | XOM: harmless Fire miscast
  4183 | D:1      | XOM: give mutations
  4183 | D:1      | Gained mutation: Your movements are slightly less encumbered by armour (ER -2). [Xom's grace]
  4183 | D:1      | Gained mutation: You have a beak for a mouth. [Xom's grace]
  4183 | D:1      | Gained mutation: You are covered in fur (AC +1). [Xom's grace]
  4204 | D:1      | XOM: cast spell 'Statue Form'
  4434 | D:1      | XOM: give mutations
  4434 | D:1      | Gained mutation: You have large cloven feet. [Xom's grace]
  4434 | D:1      | Gained mutation: You are resistant to electric shocks. [Xom's grace]
  4434 | D:1      | Gained mutation: You have a pair of small antennae on your head. [Xom's grace]
  4861 | D:1      | XOM: scenery: create altars
  4912 | D:1      | XOM: vitrification
  5034 | D:1      | XOM: noise
  5103 | D:1      | Reached skill level 4 in Polearms
  5652 | D:1      | XOM: colour smoke trail
  5684 | D:1      | XOM: harmless Ice miscast
  5839 | D:1      | Reached XP level 5. HP: 30/32 MP: 5/5
  6227 | D:1      | XOM is BORED!
  6227 | D:1      | XOM: mild Trmt miscast
  6985 | D:1      | XOM: mild Hex miscast
  7088 | D:1      | XOM: silly message
  7468 | D:1      | XOM: colour smoke trail
  7480 | D:1      | XOM: god gift: 7 stones
  7618 | D:1      | XOM: scenery: create altars
  7888 | D:1      | XOM: silly message
  8194 | D:1      | Noticed a fire giant
  8281 | D:2      | XOM: silly message
  8304 | D:2      | XOM: harmless Pois miscast
  8543 | D:2      | Found a glowing silver altar of Zin.
  8645 | D:2      | XOM: silly message
  8749 | D:1      | Noticed a cyan very ugly thing
  9481 | D:2      | XOM: harmless Fire miscast
  9505 | D:2      | XOM: harmless Ice miscast
 10389 | D:2      | Reached skill level 5 in Polearms
 10421 | D:2      | XOM: divination: detect creatures
 10450 | D:2      | XOM: medium Tloc miscast
 10451 | D:2      | Noticed a spatial vortex
 10451 | D:2      | Noticed a spatial vortex
 10451 | D:2      | Noticed a spatial vortex
 11090 | D:2      | XOM: vitrification
 11258 | D:2      | XOM: harmless Tloc miscast
 11391 | D:2      | XOM: harmless Trmt miscast
 12135 | D:2      | Reached XP level 6. HP: 27/37 MP: 6/6
 12617 | D:2      | XOM: harmless Air miscast
 12773 | D:2      | XOM: harmless Chrm miscast
 12986 | D:2      | XOM: silly message
 13420 | D:2      | XOM: give mutations
 13420 | D:2      | Gained mutation: You are partially covered in icy blue scales (AC +1). [Xom's grace]
 13420 | D:2      | Gained mutation: You are agile. (Dex +2) [Xom's grace]
 13420 | D:2      | Gained mutation: You are covered in thick fur (AC +2). [Xom's grace]
 13420 | D:2      | Gained mutation: You possess an exceptional clarity of mind. [Xom's grace]
 13435 | D:2      | XOM: colour smoke trail
 13474 | D:2      | XOM: summons 1 hostile demon
 13475 | D:2      | Noticed an ice devil
 13553 | D:3      | Found a sacrificial altar of Ru.
 13553 | D:3      | Found a shimmering altar of Xom.
 13555 | D:3      | Found a sparkling altar of Nemelex Xobeh.
 14338 | D:2      | XOM: noise
 14374 | D:2      | XOM: summons 2 hostile demons
 14413 | D:3      | XOM: god gift: 2 scrolls labeled NOEKHL DAIHA
 14626 | D:2      | XOM: scenery: create altars
 15831 | D:2      | XOM: scenery: create altars
 15852 | D:2      | XOM: divination: detect items
 16879 | D:2      | XOM: vitrification
 17009 | D:2      | XOM: 8-stop teleportation journey
 17850 | D:2      | XOM: divination: magic mapping
 18170 | D:2      | XOM: divination: detect creatures
 18650 | D:2      | XOM: god gift: shiny helmet {god gift}
 19032 | D:2      | XOM: give mutations
 19032 | D:2      | Gained mutation: You are very agile. (Dex +4) [Xom's grace]
 19032 | D:2      | Gained mutation: You have a somewhat thin skeletal structure (Dex +2, Stealth). [Xom's grace]
 19146 | D:2      | XOM is BORED!
 19146 | D:2      | XOM: mild Tloc miscast
 19147 | D:2      | Noticed a spatial vortex
 19202 | D:3      | XOM: chaos upgrade
 19231 | D:3      | XOM: give mutation
 19231 | D:3      | Gained mutation: You have a pair of antennae on your head. [Xom's grace]
 19284 | D:3      | XOM: 4-stop teleportation journey
 20047 | D:2      | XOM: god gift: 18 gold pieces
 20705 | D:2      | XOM: scenery: create altars
 20741 | D:2      | XOM: scenery: create altars
 21001 | D:3      | XOM: scenery: create altars
 22112 | D:2      | XOM: give mutations
 22112 | D:2      | Gained mutation: You passively map a small area around you. [Xom's grace]
 22112 | D:2      | Gained mutation: You are partially covered in iridescent scales (AC +4). [Xom's grace]
 22112 | D:2      | Gained mutation: You have sharp fingernails. [Xom's grace]
 22303 | D:4      | XOM: harmless Ice miscast
 22349 | D:4      | XOM: cast spell 'Summon Butterflies'
 22515 | D:3      | XOM: harmless Trmt miscast
 22624 | D:3      | XOM: god gift: scroll labeled VOIKHE FETU
 23101 | D:3      | XOM: harmless Hex miscast
 23174 | D:3      | XOM is BORED!
 23174 | D:3      | XOM: silly message
 23274 | D:3      | XOM: divination: magic mapping
 24047 | D:3      | Reached skill level 6 in Polearms
 24227 | D:3      | XOM: colour smoke trail
 24431 | D:3      | XOM: harmless Necr miscast
 24735 | D:3      | Noticed dadoka's ghost (amateur HOAK)
 24744 | D:3      | XOM: divination: detect creatures
 24760 | D:3      | XOM: silly message
 24783 | D:3      | XOM: destruction
 24791 | D:3      | XOM: confuse monster(s)
 24854 | D:3      | XOM: mild Conj miscast
 24861 | D:3      | XOM: enchant monster (bad)
 25033 | D:3      | XOM: vitrification
 25034 | D:3      | XOM: medium Trmt miscast
 25069 | D:3      | XOM: harmless Summ miscast
 25093 | D:3      | XOM: blink monster(s)
 25117 | D:3      | XOM: mild Tloc miscast
 25122 | D:3      | XOM: enchant monster (bad)
 25123 | D:3      | XOM: chaos cloud
 25157 | D:3      | XOM: 7-stop teleportation journey
 25171 | D:3      | Reached XP level 7. HP: 37/41 MP: 7/7
 25213 | D:3      | XOM: silly message
 25238 | D:3      | XOM: silly message
 25270 | D:3      | XOM: medium Hex miscast
 25463 | D:3      | XOM: medium Fire miscast
 25485 | D:3      | XOM: harmless Hex miscast
 25487 | D:3      | XOM: draining
 25498 | D:3      | XOM: summons friendly red devil
 25751 | D:3      | XOM: god gift: ruby ring {god gift}
 25820 | D:3      | XOM: enchant monster (good)
 25850 | D:3      | XOM: fog
 25889 | D:3      | XOM: scenery: create altars
 25903 | D:3      | XOM: destruction
 25915 | D:3      | XOM: harmless Air miscast
 25919 | D:3      | XOM: divination: magic mapping
 25944 | D:3      | XOM: potion effect (agility)
 25949 | D:3      | XOM: potion effect (invisibility)
 26004 | D:3      | XOM: give mutation
 26004 | D:3      | Lost mutation: Scrolls take you a little longer to read. [Xom's mischief]
 26504 | D:3      | XOM: vitrification
 26569 | D:3      | XOM: colour smoke trail
 26632 | D:3      | XOM: scenery: create altars
 26708 | D:3      | XOM: colour smoke trail
 26748 | D:3      | XOM: give mutations
 26748 | D:3      | Lost mutation: You possess an exceptional clarity of mind. [Xom's mischief]
 26748 | D:3      | Lost mutation: You have sharp fingernails. [Xom's mischief]
 26748 | D:3      | Lost mutation: You are covered in thick fur (AC +2). [Xom's mischief]
 27566 | D:3      | XOM: summons 2 friendly demons
 27621 | D:3      | XOM: potion effect (agility)
 27639 | D:3      | XOM: potion effect (agility)
 27658 | D:3      | XOM: divination: detect items
 27692 | D:3      | XOM: summons 5 hostile shadow creatures
 27693 | D:3      | Noticed a fire dragon
 27697 | D:3      | XOM: polymorph orc -> quokka
 27699 | D:3      | XOM: polymorph quokka -> giant cockroach
 27764 | D:3      | XOM: give mutations
 27764 | D:3      | Lost mutation: You have large cloven feet. [Xom's mischief]
 27764 | D:3      | Lost mutation: You have a somewhat thin skeletal structure (Dex +2, Stealth). [Xom's mischief]
 27764 | D:3      | Lost mutation: Your movements are slightly less encumbered by armour (ER -2). [Xom's mischief]
 27764 | D:3      | Lost mutation: You are partially covered in icy blue scales (AC +1). [Xom's mischief]
 27845 | D:3      | XOM: severe Conj miscast
 27847 | D:3      | XOM: torment (5/41 hp)
 27864 | D:3      | XOM: fog
 27870 | D:3      | XOM: torment (5/41 hp)
 27879 | D:3      | XOM: torment (4/41 hp)
 27894 | D:3      | XOM: silly message
 27917 | D:3      | XOM: summons 5 hostile shadow creatures
 27918 | D:3      | Noticed a flayed ghost
 27918 | D:3      | Noticed a hornet
 27921 | D:3      | Mangled by a hornet

Skill      XL: |  1  2  3  4  5  6 |
---------------+-------------------+-----
Polearms       | 3 4 5 6 |  6.2
Fighting       | |  3.2
Armour         | |  0.7
Dodging        | |  2.4

Action                   |  1- 3 |  4- 6 |  7- 9 || total
-------------------------+-------+-------+-------++-------
Melee: Spear             |    58 |   371 |    69 ||   498
       Kick              |       |    94 |    29 ||   123
       Peck              |       |    53 |    13 ||    66
  Use: Scroll            |       |     3 |     2 ||     5
       Potion            |       |     3 |     3 ||     6
 Stab: Distracted        |     1 |     2 |       ||     3
       Paralysed         |       |     3 |       ||     3
       Petrified         |       |     3 |     2 ||     5
       Petrifying        |       |     2 |     1 ||     3
       Sleeping          |       |     2 |       ||     2
       Confused          |       |     1 |       ||     1
  Eat: Chunk             |     9 |    59 |     8 ||    76
       Meat ration       |       |     1 |       ||     1
       Beef jerky        |       |     1 |       ||     1
Armor: Leather armour    |    12 |    66 |    16 ||    94
       Ring mail         |       |     4 |       ||     4
Dodge: Dodged            |    28 |   224 |    50 ||   302
